 Dungeon Crawl Stone Soup version 0.29.1-1-gd02db6906a (console) character file.

Game seed: 5626663107006736222

3337 om the Summoner (level 10, -1/71 HPs)
             Began as a Merfolk Summoner on Oct 21, 2022.
             Was an Initiate of Sif Muna.
             Slain by a killer bee (8 damage)
             ... on level 7 of the Dungeon.
             The game lasted 00:25:34 (7830 turns).

om the Summoner (Merfolk Summoner)                  Turns: 7830, Time: 00:25:34

Health: -1/71      AC: 11    Str:  9    XL:     10   Next: 2%
Magic:  11/16      EV: 11    Int: 18    God:    Sif Muna [......]
Gold:   139        SH:  0    Dex: 17    Spells: 8/17 levels left

rFire   . . .      SeeInvis .   A - +1 short sword (venom)
rCold   + . .      Faith    .   (no shield)
rNeg    + . .      Spirit   .   a - +5 ring mail "Feitiunlu" {rC+ rN+ Regen+ Int+2}
rPois   .          Reflect  .   (no helmet)
rElec   .          Harm     .   (no cloak)
rCorr   +          Rampage  .   (no gloves)
Will    .....                   (no boots)
Stlth   ++........              i - amulet of magic regeneration
HPRegen 1.01/turn               E - ring of resist corrosion
MPRegen 0.55/turn               (no ring)

@: lethally poisoned (-1 -> -6)
A: (nimble swimmer 2), mertail
a: Renounce Religion


You were on level 7 of the Dungeon.
You worshipped Sif Muna.
Sif Muna was noncommittal.
You visited 2 branches of the dungeon, and saw 8 of its levels.

You collected 457 gold pieces.
You spent 318 gold pieces at shops.

Inventory:

Hand Weapons
 d - a +1 short sword
 x - a +0 dagger of venom
 A - a +1 short sword of venom (weapon)
Missiles
 p - 3 throwing nets
Armour
 a - the +5 ring mail "Feitiunlu" (worn) {rC+ rN+ Regen+ Int+2}
   (You found it on level 2 of the Dungeon)

   Int:       It affects your intelligence (+2).
   rC:        It protects you from cold.
   rN:        It protects you from negative energy.
   Regen:     It increases your rate of health regeneration.
 h - a +2 leather armour of willpower
Jewellery
 i - an amulet of magic regeneration (around neck)
 q - an amulet of reflection
 E - a ring of resist corrosion (left hand)
Wands
 o - a wand of polymorph (14)
 w - a wand of iceblast (4)
Scrolls
 g - 2 scrolls of enchant weapon
 k - 4 scrolls of immolation
 r - 2 scrolls of blinking
 s - a scroll of vulnerability
 t - 2 scrolls of summoning {unknown}
 u - 2 scrolls of teleportation
 y - 2 scrolls of fear
 B - a scroll of brand weapon
 C - a scroll of enchant armour
 D - a scroll of amnesia
Potions
 b - a potion of magic
 c - a potion of ambrosia
 e - 3 potions of heal wounds
 f - 2 potions of mutation
 j - a potion of curing
 l - 2 potions of flight
 m - a potion of attraction {unknown}
 n - a potion of haste {unknown}
 v - a potion of invisibility {unknown}
 z - a potion of degeneration {unknown}


   Skills:
 - Level 4.0 Fighting
 - Level 5.0 Short Blades
 - Level 5.0 Armour
 - Level 3.0 Dodging
 - Level 3.0 Stealth
 - Level 0.2 Unarmed Combat
 - Level 4.0 Spellcasting
 - Level 10.0 Summonings
 * Level 3.3 Invocations


You had 8 spell levels left.
You knew the following spells:

 Your Spells              Type           Power      Damage    Failure   Level
a - Summon Small Mammal   Summ           100%       N/A       1%          1
b - Call Imp              Summ           39%        N/A       1%          2
c - Call Canine Familiar  Summ           39%        N/A       1%          3
d - Summon Guardian Gole  Hex/Summ       21%        N/A       14%         3

Your spell library contained the following spells:

 Spells                   Type           Power      Damage    Failure   Level
 Animate Armour           Summ/Erth      42%        N/A       43%         4
 Summon Lightning Spire   Summ/Air       21%        N/A       43%         4
 Portal Projectile        Hex/Tloc       6%         N/A       73%         3
 Stone Arrow              Conj/Erth      6%         3d7       73%         3
 Leda's Liquefaction      Hex/Erth       1%         N/A       98%         4
 Lehudib's Crystal Spear  Conj/Erth      1%         10d2      100%        8


Dungeon Overview and Level Annotations

Branches:
Dungeon (7/15)             Temple (1/1) D:6

Altars:
Ashenzari
Cheibriados
Dithmenos
Fedhas
Gozag
Hepliaklqana
Kikubaaqudgha
Makhleb
Nemelex Xobeh
Okawaru
Qazlal
Ru
Sif Muna
Trog
Uskayaw
Yredelemnul
Zin
The Shining One

Shops:
D:2 [=(**   D:6 ?   D:7 (


Innate Abilities, Weirdness & Mutations

((You are very nimble when in or above water. (Stealth+, EV+, Speed+++)))
Your lower body shifts to a powerful aquatic tail in water.


Message History

Your guardian golem is engulfed in blazing flames.
Flame seeps out of your guardian golem.
The killer bee attacks as you move away!
The killer bee stings you.
* * * LOW HITPOINT WARNING * * *
You feel sick.
You are no longer poisoned.
The killer bee completely misses you. The killer bee stings you.
* * * LOW HITPOINT WARNING * * *
You are poisoned.
The killer bee poisons you!
You feel very sick. The killer bee stings your hound.
Flame seeps out of your guardian golem.
Your hound bites the killer bee.
The killer bee stings your hound! Flame seeps out of your guardian golem.
The killer bee closely misses your hound.
The killer bee stings you but does no damage.
Your hound completely misses the killer bee.
The killer bee attacks as you move away!
The killer bee barely misses you.
You feel sick. The killer bee stings your hound.
Your hound is poisoned.
The killer bee poisons your hound! Flame seeps out of your guardian golem.
The killer bee closely misses you.
The killer bee barely misses your hound.
The killer bee stings you but does no damage.
Your hound bites the killer bee.
Your guardian golem is engulfed in blazing flames.
Flame seeps out of your guardian golem.
You swap places.
You feel sick. The killer bee closely misses you.
The killer bee stings you but does no damage.
The killer bee misses you.
The killer bee stings you but does no damage.
Your hound closely misses the killer bee.
The killer bee closely misses you.
The killer bee stings you but does no damage.
The killer bee stings you.
* * * LOW HITPOINT WARNING * * *
You are more poisoned.
The killer bee poisons you! The killer bee stings you!
You die...

... . ..#### #. ....## ...
##>...## ...#......#
.[......## #......#
#.hy..# # .###..#. #..
##y@y#####.##
...#........###.9y.#......
..........#......○........
.........##.....#.°##.....
.........#..!..##.......##
.............#..........#
.............#.........##
......................##
..........##..#.#..>.##
.#...<.(.##..####..###
...#.....##..y#.!....#


You could see 4 killer bees, a friendly guardian golem (summoned, inner flame)
and a friendly hound (summoned, sheltered, very poisoned).

Vanquished Creatures
  An orc warrior (D:4)
  An ogre (D:4)
  2 centaurs (D:5)
  A phantom (D:5)
  A necrophage (D:4)
  A jelly (D:4)
  2 orc priests (D:5)
  A hound (D:5)
  Ijyb (D:4)
  3 orc wizards
  3 gnolls
  8 adders
  4 dart slugs
  16 orcs
  3 ball pythons
  6 endoplasms
  8 giant cockroaches
  7 goblins
  7 hobgoblins
  A jackal (D:5)
  5 kobolds
  4 quokkas
  3 bats (D:1)
  A frilled lizard (D:1)
90 creatures vanquished.

Vanquished Creatures (collateral kills)
  Prince Ribbit (D:5)
  Sigmund (D:5)
  A wraith (D:4)
  Edmund (D:5)
  An ice beast (D:6)
  3 ogres
  2 phantoms
  2 scorpions (D:5)
  A gnoll sergeant (D:7)
  A necrophage (D:4)
  3 jellies
  5 hounds
  4 adders
  9 gnolls
  A shadow imp (D:7)
  2 ufetubi
  6 orcs
  2 endoplasms
  2 giant cockroaches
  2 goblins (D:2)
  3 hobgoblins
  2 bats (D:1)
  A frilled lizard (D:2)
56 creatures vanquished.

Vanquished Creatures (others)
  Maggie (D:7)
  A steam dragon (D:7)
  A sky beast (D:7)
  A gnoll sergeant (D:6)
  A killer bee (D:7)
  A gnoll bouda (D:7)
  6 gnolls
  14 plants
26 creatures vanquished.

Grand Total: 172 creatures vanquished

Notes
Turn   | Place    | Note
-------+----------+-------------------------------------------
     0 | D:1      | om the Merfolk Summoner began the quest for the Orb.
     0 | D:1      | Reached XP level 1. HP: 13/13 MP: 3/3
   130 | D:1      | Found a faded altar of an unknown god.
   574 | D:1      | Reached XP level 2. HP: 11/19 MP: 5/5
  1721 | D:2      | Found Mooshen's Jewellery Shoppe.
  1865 | D:2      | Found Numoc's Armour Shop.
  1908 | D:2      | Reached XP level 3. HP: 24/24 MP: 6/6
  1977 | D:2      | Found Teweap's Antique Weapon Emporium.
  2074 | D:2      | Learned a level 2 spell: Call Imp
  2132 | D:2      | Identified the +5 ring mail "Feitiunlu" {rC+ rN+ Regen+
                  | Int+2}
  2260 | D:2      | Found a snail-covered altar of Cheibriados.
  2284 | D:2      | Found Surawut's Assorted Antiques.
  2353 | D:2      | Found Lump's Assorted Antiques.
  2993 | D:3      | Reached XP level 4. HP: 30/30 MP: 7/7
  3093 | D:3      | Reached skill level 1 in Armour
  3093 | D:3      | Reached skill level 5 in Summonings
  3636 | D:3      | Reached XP level 5. HP: 35/35 MP: 8/8
  4141 | D:4      | Noticed Ijyb
  4155 | D:4      | Noticed an ogre
  4207 | D:3      | Reached XP level 6. HP: 39/41 MP: 6/9
  4540 | D:4      | Killed Ijyb
  4570 | D:4      | Reached skill level 6 in Summonings
  4618 | D:4      | Reached skill level 1 in Short Blades
  4772 | D:4      | Reached XP level 7. HP: 44/46 MP: 10/10
  5147 | D:5      | Entered Level 5 of the Dungeon
  5393 | D:4      | Learned a level 3 spell: Call Canine Familiar
  5482 | D:5      | Noticed Sigmund
  5600 | D:5      | Killed Sigmund
  5601 | D:5      | Reached skill level 7 in Summonings
  5601 | D:5      | Reached XP level 8. HP: 52/52 MP: 11/11
  5707 | D:5      | Reached skill level 5 in Short Blades
  5769 | D:5      | Noticed a wraith
  5778 | D:5      | Noticed Prince Ribbit
  5827 | D:5      | Reached skill level 1 in Fighting
  5832 | D:4      | Killed a wraith
  5873 | D:5      | Killed Prince Ribbit
  5878 | D:5      | Learned a level 3 spell: Summon Guardian Golem
  5999 | D:5      | Noticed Edmund
  6016 | D:5      | Killed Edmund
  6235 | D:4      | Reached XP level 9. HP: 65/65 MP: 12/14
  6391 | D:5      | Identified the +10 great mace of Zoiloury {distort, rC++}
  6481 | D:6      | Reached skill level 5 in Armour
  6481 | D:6      | Reached skill level 8 in Summonings
  6706 | D:6      | Found a sparkling altar of Nemelex Xobeh.
  6779 | D:6      | Found a staircase to the Ecumenical Temple.
  6825 | Temple   | Entered the Ecumenical Temple
  6894 | Temple   | Became a worshipper of Sif Muna the Loreminder
  7038 | D:6      | Found Zafal's Magic Scroll Shop.
  7046 | D:6      | Bought a scroll of identify for 22 gold pieces
  7046 | D:6      | Bought a scroll of enchant armour for 82 gold pieces
  7046 | D:6      | Bought a scroll of immolation for 44 gold pieces
  7046 | D:6      | Bought a scroll of blinking for 82 gold pieces
  7046 | D:6      | Bought a scroll of amnesia for 44 gold pieces
  7046 | D:6      | Bought a scroll of fear for 44 gold pieces
  7607 | D:7      | Reached skill level 9 in Summonings
  7716 | D:7      | Noticed Maggie
  7729 | D:7      | Killed Maggie
  7730 | D:7      | Reached skill level 10 in Summonings
  7730 | D:7      | Reached XP level 10. HP: 71/71 MP: 14/16
  7748 | D:7      | Found Ystuas Jama's Weapon Emporium.
  7830 | D:7      | Slain by a killer bee

Illustrated notes

Levels and vault maps discovered:
D:1:      dpeg_arrival_boxes_within_box, layout_basic,
          chequers_ecumenical_altar_simple_redux, moated_statue
D:2:      layout_loops_corners, basic_altar, serial_shops, shop, shop,
          nicolae_shop_temple_entry_statues_fountains,
          nicolae_shop_behind_doors, nicolae_shop_overgrown_old_shop,
          chequers_serial_rivers_micro_c
D:3:      layout_basic, minmay_joined_circles
D:4:      layout_basic, uniq_ijyb
D:5:      minmay_octagon_keep, layout_basic, serial_bayou_pond_c,
          kennysheep_generic_room_13, uniq_sigmund, uniq_edmund,
          uniq_prince_ribbit1
D:6:      layout_loops_corners, amcnicky_altar_gilded,
          minmay_temple_entry_waves, serial_shops, shop
D:7:      layout_cave_pools, serial_shops, shop, wad_mini_maze, uniq_maggie,
          uniq_menkaure
Temple:   nicolae_temple_bog_church

Skill      XL: |  1  2  3  4  5  6  7  8  9 |
---------------+----------------------------+-----
Dodging        | 3 |  3.0
Stealth        | 3 |  3.0
Armour         | 1 2 3 4 5 |  5.0
Summonings     | 5 6 7 10 | 10.0
Short Blades   | 2 4 5 |  5.0
Fighting       | 4 |  4.0
Spellcasting   | 3 4 |  4.0
Invocations    | 3 |  3.3
Unarmed Combat | |  0.2

Action                   |  1- 3 |  4- 6 |  7- 9 | 10-12 || total
-------------------------+-------+-------+-------+-------++-------
Melee: Short sword       |   124 |   238 |   252 |     2 ||   616
       Unarmed           |     3 |       |       |       ||     3
       Punch             |     1 |     6 |     2 |       ||     9
 Cast: Summon Small Mamm |    28 |    35 |    33 |     7 ||   103
       Call Imp          |     1 |    18 |    17 |     2 ||    38
       Call Canine Famil |       |       |    24 |     3 ||    27
       Summon Guardian G |       |       |     8 |     2 ||    10
Evoke: Wand              |       |     1 |     2 |       ||     3
  Use: Scroll            |       |     1 |     7 |       ||     8
       Potion            |       |       |       |     1 ||     1
 Stab: Sleeping          |     8 |       |     3 |       ||    11
       Distracted        |       |     3 |     1 |       ||     4
Armor: Robe              |    31 |       |       |       ||    31
       Ring mail         |    21 |   183 |   133 |    45 ||   382
       Leather armour    |     4 |       |       |       ||     4
Dodge: Dodged            |   109 |   183 |   154 |    74 ||   520
